 Dungeon Crawl Stone Soup version 0.24-a0-201-gf205589 (webtiles) character file.

Game seed: 17927463561746771896

7106 Borgoz the Sneak (level 11, 0/66 HPs)
             Began as a Gargoyle Gladiator on Mar 25, 2019.
             Was an Initiate of Ashenzari.
             Slain by a yak (5 damage)
             ... while paralysed
             ... on level 10 of the Dungeon.
             The game lasted 00:26:35 (11039 turns).

Borgoz the Sneak (Gargoyle Gladiator)              Turns: 11039, Time: 00:26:36

Health: 0/66       AC: 25    Str: 24    XL:     11   Next: 10%
Magic:  9/9        EV:  2    Int:  9    God:    Ashenzari [......]
Gold:   126        SH:  0    Dex: 14    Spells: 20/20 levels left

rFire    . . .     SeeInvis +   d - +1 dagger (antimagic)
rCold    . . .     Gourm    .   (no shield)
rNeg     + . .     Faith    .   M - +0 ring mail of the Present {-Cast MP+9 Str+6 SInv} (curse)
rPois    ∞         Spirit   .   c - +0 helmet
rElec    +         Reflect  .   h - +2 cloak {+Inv}
rCorr    .         Harm     .   q - +1 pair of gloves
MR       .....     NoCast   +   (no boots)
Stlth    +++.......             (no amulet)
HPRegen  0.21/turn              u - +4 ring of protection (curse)
MPRegen  0.11/turn              p - +3 ring of evasion

@: paralysed, fainting
A: negative energy resistance 1, electricity resistance, unbreathing,
petrification resistance, rot immunity, AC +8
a: Curse Item, Renounce Religion, Evoke Invisibility


You were on level 10 of the Dungeon.
You worshipped Ashenzari.
Ashenzari was noncommittal.
You were fainting.

You visited 2 branches of the dungeon, and saw 11 of its levels.
You also visited: Ossuary.

You collected 387 gold pieces.
You spent 261 gold pieces at shops.

Inventory:

Hand Weapons
 a - a +1 rapier
 d - a +1 antimagic dagger (weapon)
 l - a +2 dagger of chaos
 A - a cursed +0 rapier
 B - the +9 falchion of Wior {distort, rF- MR+ Int+9}
   (You found it on level 4 of the Dungeon)

   It warps and distorts space around it.
   Unwielding it can cause banishment or high damage.
   It affects your intelligence (+9).
   It makes you vulnerable to fire.
   It affects your resistance to hostile enchantments.
Missiles
 F - 2 tomahawks (quivered)
Armour
 c - a +0 helmet (worn)
 h - a +2 cloak of invisibility (worn)
 q - a +1 pair of gloves (worn)
 M - the cursed +0 ring mail of the Present (worn) {-Cast MP+9 Str+6 SInv}
   (You bought it in a shop on level 6 of the Dungeon)

   It affects your strength (+6).
   It affects your magic capacity (+9).
   It lets you see invisible.
   It prevents spellcasting.
   It has a curse placed upon it.
Jewellery
 n - an uncursed ring of magical power
 p - a +3 ring of evasion (right hand)
 s - an uncursed ring of protection from fire
 t - an uncursed ring of protection from magic
 u - a cursed +4 ring of protection (left hand)
 z - an uncursed ring of protection from cold
Wands
 k - a wand of flame (21)
 D - a wand of random effects (14)
Scrolls
 e - a scroll of teleportation
 o - a scroll of fear
 r - a scroll of enchant armour
 w - 3 scrolls of magic mapping
 y - a scroll of fog
 C - 4 scrolls of remove curse
 G - a scroll of blinking
Potions
 g - 2 potions of cancellation
 i - 2 potions of magic
 j - 3 potions of curing
 m - 4 potions of haste
 v - 2 potions of lignification
 I - a potion of flight
 K - 4 potions of brilliance
 L - 3 potions of resistance
Comestibles
 f - 15 rations


   Skills:
 - Level 6.9 Fighting
 + Level 6.5 Short Blades
 - Level 5.0 Throwing
 + Level 6.9 Armour
 + Level 5.8 Dodging
 + Level 7.6 Stealth
 - Level 5.3 Spellcasting
 + Level 3.4 Evocations


You had 20 spell levels left.
You didn't know any spells.
Your spell library was empty.

Dungeon Overview and Level Annotations

Branches:
Dungeon (10/15)            Temple (1/1) D:7
   Lair: D:8-11         Orc: D:9-12

Altars:
Ashenzari
Cheibriados
Dithmenos
Elyvilon
Fedhas
Gozag
Hepliaklqana
Kikubaaqudgha
Nemelex Xobeh
Okawaru
Qazlal
Ru
Sif Muna
Trog
Uskayaw
Vehumet
Wu Jian
Xom
Yredelemnul
Zin
The Shining One

Shops:
D:6 [   D:10 *


Innate Abilities, Weirdness & Mutations

You are resistant to torment.
Your stone body is resilient. (AC +8)
You are immune to poison.
You resist negative energy. (rN+)
You are resistant to electric shocks. (rElec)
You can survive without breathing.
You are immune to petrification.
You are immune to rotting.


Message History

The hungry ghost is severely damaged.
You lose consciousness!
The yak gores you but does no damage. The yak gores you.
The hungry ghost hits you.
You feel slightly more hungry. The yak gores you but does no damage.
The yak gores you! The hungry ghost hits you.
You feel slightly more hungry. The yak gores you!
The yak gores you but does no damage. The hungry ghost hits you.
You feel slightly more hungry. The yak gores you!
* * * LOW HITPOINT WARNING * * *
The yak gores you!
* * * LOW HITPOINT WARNING * * *
The hungry ghost hits you.
You feel slightly more hungry.
The yak gores you but does no damage. x2; The hungry ghost hits you.
You feel slightly more hungry. The yak gores you but does no damage.
The yak gores you.
* * * LOW HITPOINT WARNING * * *
The hungry ghost hits you.
You feel slightly more hungry. The yak gores you.
You die...

.<........#...##...÷........#
#####.........#..#..........#
#.........#.............#
#.......................##
########.....##........>..
##.......#.........#.
##.....##>............
#......##.≈........###
........#@Y###.#..###
........YWY## #.......
.......)..## ##......#
..$<......# ........
......### ........ ......
........ ...... ....>. .....
.....


You could see 3 yaks and a hungry ghost.

Vanquished Creatures
  Harold (D:8)
  Pikel (D:6)
  Maurice (D:8)
  Psyche (D:8)
  Joseph (D:8)
  A hornet (D:7)
  Sigmund (D:6)
  2 wyverns (D:9)
  A yak (D:8)
  Grum (D:8)
  Duvessa (D:6)
  2 orc warriors (D:7)
  4 slaves (D:6)
  3 ice beasts
  A black bear (D:6)
  An ogre (D:5)
  2 wolves (D:8)
  A centaur (D:6)
  A big kobold (D:10)
  2 bullfrogs
  Dowan (D:6)
  11 scorpions
  5 wights (D:3)
  9 killer bees
  A howler monkey (D:8)
  3 crimson imps
  4 centaur zombies (Ossuary)
  A human zombie (Ossuary)
  7 orc wizards
  6 hounds
  4 jellies
  4 orc priests
  2 bullfrog skeletons
  3 iguanas
  A centaur skeleton (D:6)
  Natasha (twice) (D:3)
  10 worker ants
  2 big kobold zombies (Ossuary)
  3 mummies (Ossuary)
  4 gnolls (D:6)
  2 scorpion zombies (Ossuary)
  7 adders
  A shadow imp (D:8)
  5 oozes (D:8)
  3 adder zombies (D:7)
  3 dart slugs
  4 leopard geckos
  26 orcs
  A ball python (D:4)
  5 giant cockroaches
  6 goblins
  3 hobgoblins
  26 jackals
  7 kobolds
  4 quokkas
  6 bats
  6 frilled lizards
  A giant cockroach zombie (D:6)
  4 goblin zombies (Ossuary)
  3 hobgoblin zombies (Ossuary)
  3 kobold zombies (Ossuary)
  2 leopard gecko skeletons
  3 orc zombies (Ossuary)
  2 quokka skeletons
  6 rats
251 creatures vanquished.

Vanquished Creatures (collateral kills)
  A leopard gecko (D:10)
1 creature vanquished.

Grand Total: 252 creatures vanquished

Notes
Turn   | Place    | Note
-------+----------+-------------------------------------------
     0 | D:1      | Borgoz the Gargoyle Gladiator began the quest for the Orb.
     0 | D:1      | Reached XP level 1. HP: 12/12 MP: 1/1
   168 | D:1      | Reached XP level 2. HP: 13/17 MP: 2/2
   766 | D:1      | Reached XP level 3. HP: 22/22 MP: 3/3
   905 | D:2      | Reached skill level 1 in Armour
   923 | D:2      | Reached skill level 1 in Stealth
  1865 | D:3      | Noticed Natasha
  1878 | D:3      | Killed Natasha
  1878 | D:3      | Reached skill level 1 in Spellcasting
  1878 | D:3      | Reached XP level 4. HP: 24/27 MP: 5/5
  2072 | D:3      | Reached skill level 2 in Stealth
  2072 | D:3      | Reached XP level 5. HP: 29/32 MP: 5/7
  2107 | D:3      | Reached XP level 6. HP: 2/37 MP: 8/8
  2469 | D:3      | Found a sacrificial altar of Ru.
  2657 | D:3      | Noticed Natasha
  2665 | D:3      | Killed Natasha
  3015 | D:4      | Reached skill level 3 in Stealth
  3032 | D:4      | Got a crystal falchion
  3208 | D:4      | Reached XP level 7. HP: 41/41 MP: 10/10
  3238 | D:4      | Found a glowing silver altar of Zin.
  3257 | D:4      | Found a basalt altar of Yredelemnul.
  3274 | D:4      | Found an opulent altar of Gozag.
  3462 | D:5      | Entered Level 5 of the Dungeon
  3479 | D:5      | Found a sand-covered staircase.
  3801 | Ossuary  | Entered an ossuary
  3847 | Ossuary  | Reached XP level 8. HP: 39/48 MP: 11/11
  3936 | Ossuary  | Reached skill level 4 in Stealth
  3995 | Ossuary  | HP: 1/48 [arrow trap (4)]
  5625 | D:6      | Noticed Sigmund
  5642 | D:6      | Killed Sigmund
  5642 | D:6      | Reached XP level 9. HP: 43/53 MP: 14/14
  5725 | D:6      | Reached skill level 5 in Fighting
  5725 | D:6      | Reached skill level 5 in Stealth
  5825 | D:6      | Found a stormy altar of Qazlal.
  5825 | D:6      | Found a blossoming altar of Fedhas.
  6157 | D:6      | Found Ablural's Antique Armour Emporium.
  6163 | D:6      | Bought a dazzling ring mail for 261 gold pieces
  6230 | D:6      | Identified the cursed +0 ring mail of the Present {-Cast
                  | MP+9 Str+6 SInv} (You bought it in a shop on level 6 of the
                  | Dungeon)
  6315 | D:6      | Reached skill level 5 in Short Blades
  6330 | D:6      | Noticed Pikel
  6514 | D:6      | Killed Pikel
  6514 | D:6      | Reached skill level 5 in Armour
  6883 | D:6      | Noticed Duvessa
  6885 | D:6      | Noticed Dowan
  6898 | D:6      | Killed Duvessa
  6912 | D:6      | Killed Dowan
  6940 | D:6      | Found a glowing golden altar of the Shining One.
  7144 | D:7      | Found a staircase to the Ecumenical Temple.
  7175 | Temple   | Entered the Ecumenical Temple
  7416 | D:7      | Reached skill level 6 in Stealth
  7421 | D:7      | Noticed a hornet
  7458 | D:7      | Killed a hornet
  7458 | D:7      | Reached XP level 10. HP: 14/60 MP: 5/16
  7460 | D:7      | Reached skill level 1 in Evocations
  7749 | D:7      | Reached skill level 5 in Throwing
  7751 | D:7      | Reached skill level 5 in Dodging
  8766 | D:8      | Noticed Joseph
  8833 | D:8      | Killed Joseph
  9192 | D:8      | Noticed Maurice
  9220 | D:8      | Killed Maurice
  9538 | D:8      | Noticed Grum
  9634 | D:8      | Killed Grum
  9806 | D:8      | Noticed Harold
  9872 | D:8      | Killed Harold
  9872 | D:8      | Reached skill level 7 in Stealth
  9872 | D:8      | Reached skill level 5 in Spellcasting
  9965 | D:8      | Found a hide-covered altar of Uskayaw.
 10059 | D:8      | Noticed Psyche
 10079 | D:8      | Killed Psyche
 10456 | D:8      | Reached XP level 11. HP: 66/66 MP: 18/18
 10526 | D:9      | Noticed a death yak
 10530 | D:9      | Noticed a death yak
 10543 | D:9      | Found a bloodstained altar of Trog.
 10543 | D:9      | Found a shattered altar of Ashenzari.
 10546 | D:9      | Became a worshipper of Ashenzari the Shackled
 10563 | D:10     | Entered Level 10 of the Dungeon
 10591 | D:10     | Found Xusakuce's General Store.
 11033 | D:10     | Paralysed by fainting for 7 turns
 11039 | D:10     | Slain by a yak

Levels and vault maps discovered:
D:1:      dpeg_arrival_rooms_b, layout_basic
D:2:      layout_basic
D:3:      layout_basic, lemuel_coloured_pillars_altar, first_ration,
          hangedman_decor_lopped, uniq_natasha
D:4:      layout_cave_pools, lemuel_doored_altar, grunt_temple_overflow_open
D:5:      layout_cave_pods, chequers_ossuary_entry_cave
D:6:      layout_gridville, grunt_temple_overflow_forces_of_nature,
          tso_oasis_becter, serial_shops, shop, uniq_duvessa, uniq_pikel,
          uniq_sigmund
D:7:      layout_basic, minmay_temple_entry_glass
D:8:      layout_basic, basic_altar, hangedman_little_slice_of_home, uniq_grum,
          uniq_harold, uniq_psyche, uniq_joseph, uniq_maurice
D:9:      layout_cave_pools, lemuel_crystal_altar,
          gammafunk_temple_overflow_elements, dpeg_lair_monsters
D:10:     layout_rooms, serial_shops, nicolae_shop_window_shopping
Temple:   minmay_temple_bridge_abc
Ossuary:  ossuary_minmay_scorpions

Skill      XL: |  1  2  3  4  5  6  7  8  9 10 |
---------------+-------------------------------+-----
Armour         | 1 2 3 4 5 6 |  6.9
Throwing       | 2 3 4 5 |  5.0
Stealth        | 1 2 3 4 6 7 |  7.6
Short Blades   | 3 4 5 6 |  6.5
Spellcasting   | 1 2 3 4 5 |  5.3
Fighting       | 3 4 5 6 |  6.9
Dodging        | 3 4 5 |  5.8
Evocations     | 3 |  3.4

Action                   |  1- 3 |  4- 6 |  7- 9 | 10-12 || total
-------------------------+-------+-------+-------+-------++-------
Melee: Rapier            |   110 |   176 |   644 |   247 ||  1177
       Dagger            |       |       |   108 |   678 ||   786
Throw: Throwing net      |     1 |     2 |       |     2 ||     5
       Tomahawk          |       |       |     2 |     1 ||     3
Evoke: Wand              |       |       |    28 |     6 ||    34
  Use: Potion            |       |       |     8 |     6 ||    14
       Scroll            |       |       |    17 |     5 ||    22
 Stab: Sleeping          |     1 |       |       |    10 ||    11
       Held in net/web   |       |     2 |       |       ||     2
       Paralysed         |       |       |     1 |       ||     1
       Distracted        |       |       |       |     1 ||     1
  Eat: Chunk             |     3 |     5 |    11 |    15 ||    34
       Ration            |       |       |     1 |     1 ||     2
Armor: Leather armour    |    17 |       |       |       ||    17
       Chain mail        |     7 |       |       |       ||     7
       Plate armour      |    48 |   125 |    40 |       ||   213
       Scale mail        |       |       |   300 |       ||   300
       Ring mail         |       |       |    99 |   314 ||   413
       Skin              |       |       |    12 |     1 ||    13
Dodge: Dodged            |    56 |    58 |   702 |   782 ||  1598

Table legend:
 A = Non-vault XP
 B = Vault XP
 C = Vault XP percentage of total XP
 D = Non-vault monster count
 E = Vault monster count
 F = Vault count percentage of total count
                 A         B        C        D         E       F
            +---------+---------+-------+---------+---------+-------
      Total |    5110 |    5042 |  49.7 |     194 |      54 |  21.8
            +---------+---------+-------+---------+---------+-------
        D:1 |      34 |       0 |   0.0 |      18 |       0 |   0.0
        D:2 |      19 |       0 |   0.0 |      13 |       0 |   0.0
        D:3 |     387 |      37 |   8.7 |      19 |       1 |   5.0
        D:4 |     228 |       0 |   0.0 |      21 |       0 |   0.0
        D:5 |     443 |       0 |   0.0 |      14 |       0 |   0.0
        D:6 |     743 |    1083 |  59.3 |      28 |       4 |  12.5
        D:7 |    1564 |       0 |   0.0 |      36 |       0 |   0.0
        D:8 |     477 |    2879 |  85.8 |      12 |      14 |  53.8
        D:9 |     680 |       0 |   0.0 |      11 |       0 |   0.0
       D:10 |     535 |       0 |   0.0 |      22 |       0 |   0.0
    Ossuary |       0 |    1043 | 100.0 |       0 |      35 | 100.0
            +---------+---------+-------+---------+---------+-------
